 Dungeon Crawl Stone Soup version 0.21-a0-348-ga060c75 (webtiles) character file.

4 Dominolapin the Charlatan (level 1, -3/15 HPs)
             Began as a Vampire Artificer on Oct 6, 2017.
             Slain by a kobold
             ... wielding a +0 short sword
              (4 damage)
             ... on level 1 of the Dungeon.
             The game lasted 00:00:39 (133 turns).

Dominolapin the Charlatan (Vampire Artificer)        Turns: 133, Time: 00:00:40

Health: -3/15      AC:  3    Str: 11    XL:     1   Next: 58%
Magic:  2/2        EV: 12    Int: 13    God:
Gold:   16         SH:  0    Dex: 14    Spells: 0/0 levels left

rFire    . . .     SeeInvis +   a - +0 short sword
rCold    . . .     Gourm    .   (no shield)
rNeg     + . .     Faith    .   b - +0 leather armour
rPois    .         Spirit   .   (no helmet)
rElec    .         Reflect  .   (no cloak)
rCorr    .         Harm     .   (no gloves)
MR       .....                  (no boots)
Stlth    ++........             (no amulet)
HPRegen  0.05/turn              (no ring)
MPRegen  0.08/turn              (no ring)

@: no status effects
A: fangs 3, see invisible, unbreathing
a: no special abilities


You were on level 1 of the Dungeon.
You were not thirsty.

You visited 1 branch of the dungeon, and saw 1 of its levels.

You collected 16 gold pieces.


Innate Abilities, Weirdness & Mutations

You have razor-sharp teeth.
You have supernaturally acute eyesight. (SInv)
You can survive without breathing.


   Skills:
 + Level 1.1 Fighting
 - Level 1.1 Short Blades
 + Level 0.2 Armour
 + Level 2.3 Dodging
 - Level 1.5 Stealth
 - Level 2.6 Evocations


You couldn't memorise any spells.
You didn't know any spells.

Inventory:

Hand Weapons
 a - a +0 short sword (weapon)
Armour
 b - a +0 leather armour (worn)
Wands
 c - a wand of flame (15/48)
 d - a wand of enslavement (15/24)
 e - a wand of random effects (15/48)
Scrolls
 g - a scroll of remove curse {unknown}
 h - a scroll of enchant weapon {unknown}
Potions
 f - 3 potions of blood
 i - a potion of resistance {unknown}

Dungeon Overview and Level Annotations

Branches:
Dungeon (1/15)

Altars:

................ ....
..#...##.#.##########..
...........#..##.<.##.#
.......(..w#..##...##.#
.##...##.#K#..####'#..#
......##.#.#..####....# .#
.##...##.#.#'##.....#.###....
...........#...K...##........
.##...##.#.....#@####.###.#.#
......##.#...#'#....#.# .# #
...........###.#....#.# .#.# .
.###.###.#.##########.###.#.##..
. .............................
....................)......#..
##............#.######........
#.###.#......# #####..#.#### #
#.....#...#.##......#.####.


You could see a kobold.


Message History

A kobold opens the door.
It is wielding a short sword.
As you close the door, it creaks loudly!
A kobold opens the door.
You close the door.
A kobold opens the door.
You close the door.
A kobold opens the door.
You close the door.
A kobold opens the door.
You close the door.
A kobold opens the door.
You close the door.
A kobold opens the door.
You close the door.
A kobold opens the door.
You close the door.
The dart slug falls off the door.
A kobold opens the door.
The dart slug launches a dart at you. The slug dart misses you.
The kobold barely misses you.
There is an open door here.
You hit the dart slug.
You kill the dart slug!
The kobold hits you but does no damage.
Unknown command.
You closely miss the kobold. The kobold misses you.
You hit the kobold.
The kobold is severely wounded.
The kobold closely misses you.
You barely miss the kobold.
The kobold is severely wounded.
The kobold hits you with a short sword.
* * * LOW HITPOINT WARNING * * *
You closely miss the kobold. Your bite misses the kobold.
The kobold is severely wounded.
The kobold hits you with a short sword.
You die...

Skill      XL: |  1 |
---------------+----+-----
Fighting       | 1 |  1.1
Short Blades   | |  1.1
Armour         | |  0.2
Dodging        | |  2.3
Stealth        | |  1.5
Evocations     | |  2.6

Action                   || total
-------------------------++-------
Melee: Short sword       ||    21
Armor: Leather armour    ||     4
Dodge: Dodged            ||    14

Vault maps used:
D:1:      dpeg_arrival_short_road, hex_tiny,
          hangedman_abyss_or_decor_lesser_grid

Notes
Turn   | Place    | Note
-------+----------+-------------------------------------------
     0 | D:1      | Dominolapin the Vampire Artificer began the quest for the Orb.
     0 | D:1      | Reached XP level 1. HP: 14/14 MP: 2/2
    36 | D:1      | Reached skill level 1 in Fighting
   132 | D:1      | HP: 1/15 [kobold/short sword (5)]
   133 | D:1      | Slain by a kobold

Vanquished Creatures
  A dart slug (D:1)
  A bat (D:1)
  2 kobolds (D:1)
4 creatures vanquished.
